 Dungeon Crawl Stone Soup version 0.24-a0-274-gb3763e6d51 (webtiles) character file.

Game seed: 4720846390439089473

91 Flugkiller the Poker (level 4, -6/40 HPs)
             Began as a Draconian Chaos Knight on Apr 27, 2019.
             Was a Plaything of Xom.
             Engulfed by a steam dragon's steam (8 damage)
             ... on level 2 of the Dungeon.
             The game lasted 00:02:32 (1036 turns).

Flugkiller the Poker (Draconian Chaos Knight)       Turns: 1036, Time: 00:02:33

Health: -6/40      AC:  5    Str: 14    XL:     4   Next: 33%
Magic:  4/4        EV: 12    Int: 14    God:    Xom [*.....]
Gold:   66         SH:  0    Dex: 10    Spells: 3/3 levels left

rFire    . . .     SeeInvis .   l - +0 halberd
rCold    . . .     Gourm    .   (shield currently unavailable)
rNeg     . . .     Faith    .   (armour unavailable)
rPois    .         Spirit   .   (helmet restricted)
rElec    .         Reflect  .   (no cloak)
rCorr    .         Harm     .   (no gloves)
MR       .....                  (no boots)
Stlth    +.........             (no amulet)
HPRegen  0.13/turn              (no ring)
MPRegen  0.09/turn              (no ring)

@: no status effects
A: unfitting armour, cold-blooded, AC +5
a: Renounce Religion


You were on level 2 of the Dungeon.
You worshipped Xom.
You were a special plaything of Xom.
You were hungry.

You visited 1 branch of the dungeon, and saw 2 of its levels.

You collected 66 gold pieces.

Inventory:

Hand Weapons
 a - a +0 spear of chaos
 l - a +0 halberd (weapon)
   (You took it off a gnoll on level 2 of the Dungeon)
Jewellery
 g - an uncursed ring of stealth {unknown}
   (You found it on level 1 of the Dungeon)
Scrolls
 e - a scroll of enchant armour
 f - a scroll of fog {unknown}
 h - a scroll of blinking {unknown}
 i - a scroll of fear {unknown}
 k - a scroll of remove curse {unknown}
Potions
 c - a potion of brilliance {unknown}
Comestibles
 b - 2 rations
 d - 2 chunks of flesh


   Skills:
 + Level 4.2 Fighting
 * Level 4.6 Polearms
 - Level 2.1 Dodging


You had 3 spell levels left.
You didn't know any spells.
Your spell library was empty.

Dungeon Overview and Level Annotations

Branches:
Dungeon (2/15)

Altars:


Innate Abilities, Weirdness & Mutations

Your plain brown scales are hard. (AC +5)
You cannot fit into any form of body armour.
You are cold-blooded and may be slowed by cold attacks.


Message History

You see here a kobold corpse.
There is an open gate here.
You see here a stone. "Let's see if it's strong enough to survive yet."
Things that are here:
a +0 dagger; a +0 whip The ufetubus closely misses you.
The ufetubus hits you but does no damage.
You are feeling hungry.
The ufetubus closely misses you.
The ufetubus hits you but does no damage.
Some of the chunks of flesh in your inventory have rotted away.
You see here a hobgoblin skeleton.
You see here a gnoll skeleton.
The ufetubus barely misses you. The ufetubus hits you. The ufetubus misses you.
The ufetubus hits you. The ufetubus closely misses you. The ufetubus hits you.
The shadow imp shouts, "Accept thy fall, thou plume-plucked beef-witted tiler!"
You closely miss the ufetubus.
Your tail-slap misses the ufetubus.
The ufetubus barely misses you.
The ufetubus hits you but does no damage. x3
You closely miss the ufetubus. The ufetubus barely misses you. x2
Xom grants you insight.
You detect items!
The ooze jiggles.
Attack whom?
Press: ? - help, Dir - move target cursor, f - shadow imp
Aim: a shadow imp (summoned)
You reach to attack!
You slash the shadow imp!
You kill the shadow imp!
You closely miss the ufetubus. The ufetubus hits you. x2
The ufetubus barely misses you. The ufetubus hits you.
You slash the ufetubus!
You kill the ufetubus!
The area is suffused with divine lightning!
The blast of lightning engulfs the ooze!!!
The ooze dies!
Some of the chunks of flesh in your inventory have rotted away.
The steam dragon breathes steam at you. The ball of steam hits you!
* * * LOW HITPOINT WARNING * * *
Okay, then.
It was a potion of cancellation.
You feel magically purged.
Xom roars with laughter!
You are engulfed in a cloud of scalding steam.
* * * LOW HITPOINT WARNING * * *
You barely miss the steam dragon.
Your tail-slap misses the steam dragon.
You are engulfed in a cloud of scalding steam.
You die...
Xom giggles madly!

#..........#
#.##...P.÷÷P$
####.......#
#.##.P....÷..
#.......#
#.##.P.PJP.P.
#.......#
#.##...÷JP...
######..(....#
#.##.J÷....÷.
.............#
#.##...P.P..÷
#######......#
#§# #J#######
#......# #§#
##JJJD..##
#######......#
#@# ########.#
...........###
#D# #...('..##
...........#
#.# #....####
............
#J# #.......#
..........#.#
#.# #.......#
..........#..
#.# #......)#
......(... #.#
#.# #.......#
..######## ..
#.# ##.).[.##
..# #.##.#
##.J.##


You could see a steam dragon and an ooze.

Vanquished Creatures
  4 gnolls (D:2)
  3 dart slugs
  4 leopard geckos
  5 giant cockroaches (D:2)
  3 goblins (D:1)
  5 hobgoblins
  4 jackals (D:1)
  4 bats (D:1)
  2 frilled lizards (D:1)
  7 kobolds
  2 rats
43 creatures vanquished.

Vanquished Creatures (others)
  A jelly (D:2)
  2 oozes (D:2)
  4 toadstools (D:2)
7 creatures vanquished.

Grand Total: 50 creatures vanquished

Notes
Turn   | Place    | Note
-------+----------+-------------------------------------------
     0 | D:1      | Flugkiller the Draconian Chaos Knight began the quest for
                  | the Orb.
     0 | D:1      | Reached XP level 1. HP: 19/19 MP: 1/1
   154 | D:1      | XOM: potion effect (brilliance)
   173 | D:1      | Reached XP level 2. HP: 26/26 MP: 2/2
   260 | D:1      | XOM: divination: detect creatures
   433 | D:1      | Reached XP level 3. HP: 33/33 MP: 3/3
   793 | D:2      | XOM: confusion (+ monsters)
   814 | D:2      | Reached XP level 4. HP: 25/40 MP: 4/4
   979 | D:2      | XOM: destruction
   982 | D:2      | XOM: harmless Pois miscast
   985 | D:2      | Noticed a steam dragon
   985 | D:2      | an ooze changed into a steam dragon
   985 | D:2      | XOM: polymorph ooze -> steam dragon
  1005 | D:2      | XOM: summons 2 hostile demons
  1022 | D:2      | XOM: divination: detect items
  1033 | D:2      | XOM: divine lightning
  1035 | D:2      | HP: 2/40 [steam dragon] (12)]
  1036 | D:2      | Engulfed by a steam dragon's steam

Levels and vault maps discovered:
D:1:      minmay_arrival_open_corners, layout_rooms, serial_forest,
          infiniplex_forest_lined_corner, infiniplex_forest_end_double,
          infiniplex_forest_end_double, infiniplex_forest_corner_2,
          infiniplex_forest_straight_2
D:2:      cheibrodos_fertilizer, layout_basic, chequers_ecumenical_altar_simple,
          minmay_misc_feat_enclosed

Skill      XL: |  1  2  3 |
---------------+----------+-----
Polearms       | 4 |  4.6
Fighting       | 4 |  4.2
Dodging        | |  2.1

Action                   |  1- 3 |  4- 6 || total
-------------------------+-------+-------++-------
Melee: Spear             |   102 |     3 ||   105
       Tailslap          |     7 |     2 ||     9
       Halberd           |       |    26 ||    26
  Use: Scroll            |     1 |       ||     1
       Potion            |       |     1 ||     1
 Stab: Confused          |     1 |     1 ||     2
       Paralysed         |     1 |       ||     1
Armor: Skin              |    26 |    12 ||    38
Dodge: Dodged            |    41 |    17 ||    58

Table legend:
 A = Non-vault XP
 B = Vault XP
 C = Vault XP percentage of total XP
 D = Non-vault monster count
 E = Vault monster count
 F = Vault count percentage of total count
                 A         B        C        D         E       F
            +---------+---------+-------+---------+---------+-------
      Total |     122 |       8 |   6.2 |      37 |       6 |  14.0
            +---------+---------+-------+---------+---------+-------
        D:1 |      41 |       0 |   0.0 |      21 |       0 |   0.0
        D:2 |      81 |       8 |   9.0 |      16 |       6 |  27.3
            +---------+---------+-------+---------+---------+-------
